 Dungeon Crawl Stone Soup version 0.26.1-11-gd32895ea62 (webtiles) character file.

Game seed: 16736082170542630925

53 soyboy the Grasshopper (level 3, 16/16 HPs)
             Began as a Felid Warper on June 23, 2021.
             Quit the game on level 2 of the Dungeon.
             The game lasted 00:23:27 (4070 turns).

soyboy the Grasshopper (Felid Warper)               Turns: 4070, Time: 00:23:27

Health: 16/16      AC:  1    Str:  5 (8)  XL:     3   Next: 62%
Magic:  7/7        EV: 18    Int: 11 (14) God:
Gold:   60         SH:  0    Dex: 12 (15) Spells: 4/6 levels left
                                        Lives:  0   Deaths: 0

rFire    + . .     SeeInvis +     - Unarmed
rCold    x . .     Faith    .   (shield unavailable)
rNeg     . . .     Spirit   .   (armour unavailable)
rPois    .         Reflect  .   (helmet unavailable)
rElec    .         Harm     .   (cloak unavailable)
rCorr    .         Rampage  .   (gloves unavailable)
Will     .....                  (boots unavailable)
Stlth    ++........             (no amulet)
HPRegen  0.05/turn              a - ring of fire
MPRegen  0.10/turn              (no ring)

@: quick
A: very small, no armour, no weapons or thrown items, stealth, claws 1, fangs 3,
see invisible, speed 1, shaggy fur 1, sharp paws
a: no special abilities


You were on level 2 of the Dungeon.
You visited 1 branch of the dungeon, and saw 3 of its levels.

You collected 60 gold pieces.

Inventory:

Jewellery
 a - a ring of fire (left paw)
Scrolls
 b - 3 scrolls of blinking
 d - 4 scrolls of identify
 e - 2 scrolls of remove curse


   Skills:
 + Level 2.1 Fighting
 + Level 3.9 Dodging
 + Level 0.5 Stealth
 + Level 2.5 Unarmed Combat
 + Level 2.2 Spellcasting
 + Level 5.3 Translocations


You had 4 spell levels left.
You knew the following spells:

 Your Spells              Type           Power        Failure   Level
a - Blink                 Tloc           N/A          4%          2

Your spell library contained the following spells:

 Spells                   Type           Power        Failure   Level
 Apportation              Tloc           26%          3%          1
 Gell's Gravitas          Tloc           6%           10%         3
 Lesser Beckoning         Tloc           6%           10%         3
 Teleport Other           Tloc           13%          10%         3
 Animate Skeleton         Necr           2%           28%         1
 Corona                   Hex            1%           28%         1
 Summon Small Mammal      Summ           4%           28%         1
 Passage of Golubria      Tloc           N/A          30%         4


Dungeon Overview and Level Annotations

Branches:
Dungeon (3/15)

Altars:
Makhleb
Wu Jian


Innate Abilities, Weirdness & Mutations

You cannot wear armour.
You are incapable of wielding weapons or throwing items.
Your paws allow you to move quietly. (Stealth)
You have sharp claws.
You have razor-sharp teeth.
You have supernaturally acute eyesight. (SInv)
You cover ground quickly.
You are covered in fur. (AC +1)
Your sharp claws are effective at attacking unaware monsters.


Message History

The giant cockroach barely misses you.
You closely miss the giant cockroach.
The giant cockroach is severely wounded.
The giant cockroach misses you.
You barely miss the giant cockroach.
The giant cockroach is severely wounded.
The giant cockroach closely misses you.
You scratch the giant cockroach.
The giant cockroach is almost dead.
The giant cockroach barely misses you.
The giant cockroach bites you but does no damage.
You barely miss the giant cockroach. Your bite misses the giant cockroach.
The giant cockroach is almost dead.
The giant cockroach misses you.
You scratch the giant cockroach.
You kill the giant cockroach!
You see here a giant cockroach corpse.
You aren't carrying any potions.
You can't go down here!
Are you sure you want to abandon this character and quit the game? (Confirm with "yes".)

..###.#######..#
..# .# #..# .# ..#
.# #..# #. .## ..
.... .. # .# #..#
.#. .# #... ... #
.# ###... ###.#..#
.# #.....##
#......#
####.#....# #@#
..[....#..# #.#
.......#..#### #.#
####.........###.#
# ###...#.#...##.#
# #...>.....#....#
###.#.........####
....##.#.#.#.## ..
########.###...#.##


There were no monsters in sight!

Vanquished Creatures
  An adder (D:1)
  An ooze (D:1)
  2 leopard geckos
  2 giant cockroaches (D:2)
  3 goblins (D:1)
  6 hobgoblins
  3 kobolds
  2 quokkas
  A ball python (D:1)
  8 bats
  4 frilled lizards
  2 rats (D:2)
35 creatures vanquished.

Notes
Turn   | Place    | Note
-------+----------+-------------------------------------------
     0 | D:1      | soyboy the Felid Warper began the quest for the Orb.
     0 | D:1      | Reached XP level 1. HP: 9/9 MP: 4/4
   654 | D:1      | Reached XP level 2. HP: 7/13 MP: 6/6
   657 | D:1      | Learned a level 2 spell: Blink
  1342 | D:1      | Reached skill level 5 in Translocations
  2031 | D:1      | Reached XP level 3. HP: 16/16 MP: 7/7
  2131 | D:1      | Found a burning altar of Makhleb.
  4030 | D:2      | Found an ornate altar of the Wu Jian Council.
  4070 | D:2      | Quit the game

Illustrated notes

Levels and vault maps discovered:
D:1:      noname_arrival_rooms_in_the_neighbourhood, layout_basic,
          kennysheep_flooded_box, st_stairs_5
D:2:      minmay_diamond_boxcup, layout_loops_ring, nzn_wu_jian_council_hall
D:3:      layout_loops_corners, nicolae_gozag_cash_rules_everything_around_me,
          overflow_temple_1_default, minmay_door_square, uniq_terence,
          uniq_natasha

Skill      XL: |  1  2 |
---------------+-------+-----
Translocations | 5 |  5.3
Fighting       | |  2.1
Dodging        | |  3.9
Stealth        | |  0.5
Unarmed Combat | |  2.5
Spellcasting   | |  2.2

Action                   || total
-------------------------++-------
Melee: Unarmed           ||   168
       Bite              ||     8
 Cast: Blink             ||     8
  Use: Scroll            ||     5
       Potion            ||     3
 Stab: Sleeping          ||     3
Armor: Skin              ||    11
Dodge: Dodged            ||   167
